 Dungeon Crawl Stone Soup version 0.23.0 (webtiles) character file.

Game seed: 4809196027554709674

235 Morbidden the Spear-Bearer (level 6, 0/63 HPs)
             Began as an Octopode Monk on Feb 11, 2019.
             Succumbed to an adder's poison
             ... on level 3 of the Dungeon.
             The game lasted 00:03:19 (1696 turns).

Morbidden the Spear-Bearer (Octopode Monk)          Turns: 1696, Time: 00:03:19

Health: 0/63       AC: 23    Str:  9 (10) XL:     6   Next: 5%
Magic:  6/6        EV:  2    Int:  9 (12) God:
Gold:   63         SH:  0    Dex: 15 (17) Spells: 5/5 levels left

rFire    . . .     SeeInvis .   a - +0 spear
rCold    . . .     Gourm    .   (no shield)
rNeg     + + +     Faith    .   (helmet currently unavailable)
rPois    +         Spirit   .   (no amulet)
rElec    .         Reflect  .   i - -3 ring of evasion (curse)
rCorr    .         Harm     .   (no ring)
MR       .....     NoTele   +   (no ring)
Stlth    +++.......             (no ring)
HPRegen  0.20/turn              (no ring)
MPRegen  0.10/turn              (no ring)
                                (no ring)
                                (no ring)

@: lethally poisoned (0 -> -12), tree-form, hasted, very quick
A: almost no armour, stealthy swim, (amphibious), 8 rings, (constrict 8)
a: no special abilities


You were on level 3 of the Dungeon.
You were hungry.
You were a tree.
You visited 1 branch of the dungeon, and saw 3 of its levels.

You collected 63 gold pieces.

Inventory:

Hand Weapons
 a - a +0 spear (weapon)
Jewellery
 i - a cursed -3 ring of evasion (left branch)
 k - an uncursed ring of fire
Wands
 m - a wand of paralysis (5)
Scrolls
 d - 3 scrolls of identify
 g - 2 scrolls of enchant armour {unknown}
 n - a scroll of enchant weapon {unknown}
 o - a scroll of teleportation
Comestibles
 b - 7 rations


   Skills:
 + Level 3.5 Fighting
 * Level 12.5 Polearms
 + Level 3.4 Dodging
 + Level 4.2 Stealth


You had 5 spell levels left.
You didn't know any spells.
Your spell library contained the following spells:

 Spells                   Type           Power        Failure   Level  Hunger
 Confusing Touch          Hex            #.....       38%         1    ##.....
 Confuse                  Hex            #.......     77%         3    ####...
 Gell's Gravitas          Tloc           #.........   77%         3    ####...
 Petrify                  Tmut/Erth      #.......     99%         4    #####..
 Metabolic Englaciation   Hex/Ice        #.........   100%        5    ######.
 Yara's Violent Unravell  Hex/Tmut       #.........   100%        5    ######.


Dungeon Overview and Level Annotations

Branches:
Dungeon (3/15)

Altars:
Hepliaklqana
Makhleb
Okawaru


Innate Abilities, Weirdness & Mutations

You cannot wear most types of armour.
You are very stealthy in the water. (Stealth+)
((You are amphibious.))
You can wear up to eight rings at the same time.
((You can use your tentacles to constrict eight enemies at once.))
((Your skin changes colour to match your surroundings (Stealth+).))
((Your rubbery body absorbs attacks. (AC +1, EV +1)))
((You have very sharp teeth.))
((Your flesh is cold resistant. (rC+)))


Message History

Unknown command.
You are feeling hungry.
You miss the adder.
The adder is moderately wounded.
* * * LOW HITPOINT WARNING * * *
You feel sick. The adder bites you but does no damage.
Unknown command.
You hit the adder.
The adder is heavily wounded.
Unknown command.
You barely miss the adder.
The adder is heavily wounded.
The adder bites you.
* * * LOW HITPOINT WARNING * * *
You are more poisoned.
The adder poisons you!
Unknown command.
You closely miss the adder.
The adder is heavily wounded.
You die...

#####################
#..S♣................
......################.##
##### #.... #..## #..#
#..## ###..## .......
#.#.###


You could see an adder.

Vanquished Creatures
  A scorpion (D:3)
  2 adders (D:2)
  An ooze (D:2)
  A worm (D:2)
  3 dart slugs
  5 bats
  2 giant cockroaches
  4 goblins
  5 hobgoblins
  4 jackals (D:2)
  A quokka (D:2)
  7 frilled lizards
  5 kobolds (D:1)
  3 rats
44 creatures vanquished.

Notes
Turn   | Place    | Note
-------+----------+-------------------------------------------
     0 | D:1      | Morbidden the Octopode Monk began the quest for the Orb.
     0 | D:1      | Reached XP level 1. HP: 16/16 MP: 1/1
   474 | D:1      | Reached XP level 2. HP: 21/21 MP: 2/2
  1002 | D:2      | Reached XP level 3. HP: 19/26 MP: 3/3
  1298 | D:2      | Found a burning altar of Makhleb.
  1340 | D:2      | Found an iron altar of Okawaru.
  1399 | D:2      | Found a hazy altar of Hepliaklqana.
  1443 | D:2      | Reached XP level 4. HP: 31/31 MP: 4/4
  1678 | D:3      | Reached skill level 4 in Polearms
  1678 | D:3      | Reached XP level 5. HP: 7/36 MP: 5/5
  1689 | D:3      | Reached skill level 12 in Polearms
  1689 | D:3      | Reached XP level 6. HP: 9/42 MP: 6/6
  1691 | D:3      | Gained mutation: Scrolls take you a little longer to read.
                  | [potion of mutation]
  1691 | D:3      | Gained mutation: Your flesh is cold resistant. (rC+)
                  | [potion of mutation]
  1691 | D:3      | Lost mutation: Scrolls take you a little longer to read.
                  | [potion of mutation]
  1691 | D:3      | Gained mutation: You have very sharp teeth. [potion of
                  | mutation]
  1691 | D:3      | HP: 3/63 [poisoned by a scorpion]
  1695 | D:3      | HP: 1/63 [adder (1)]
  1696 | D:3      | Succumbed to an adder's poison

Skill      XL: |  1  2  3  4  5 |
---------------+----------------+-----
Stealth        | 3 4 |  4.2
Polearms       | 4 12 | 12.5
Fighting       | |  3.5
Dodging        | |  3.4

Action                   |  1- 3 |  4- 6 || total
-------------------------+-------+-------++-------
Melee: Spear             |    93 |    30 ||   123
       Tentacles         |    15 |     4 ||    19
       Constrict         |    17 |     4 ||    21
  Use: Scroll            |     3 |       ||     3
       Potion            |       |     6 ||     6
 Stab: Sleeping          |    13 |     3 ||    16
  Eat: Chunk             |     2 |       ||     2
Armor: Skin              |     7 |     9 ||    16
Dodge: Dodged            |    34 |     7 ||    41
